 Dungeon Crawl Stone Soup version 0.30-a0-953-g5f1da4a474 (webtiles) character file.

Game seed: 16024969539172482264

303 Jeffwins the Chiller (level 6, -1/41 HPs)
             Began as a Human Wanderer on Mar 29, 2023.
             Slain by a black bear (2 damage)
             ... on level 4 of the Dungeon.
             The game lasted 00:06:15 (4418 turns).

Jeffwins the Chiller (Human Wanderer)               Turns: 4418, Time: 00:06:15

Health: -1/41      AC:  5    Str: 11    XL:     6   Next: 66%
Magic:  1/9        EV: 11    Int: 15    God:
Gold:   146        SH:  0    Dex: 13    Spells: 6/9 levels left

rFire   . . .      SeeInvis .    a - +0 dagger (vamp)
rCold   . . .      Faith    .    (no shield)
rNeg    . . .      Spirit   .    w - +0 leather armour
rPois   .          Reflect  .    A - +0 helmet
rElec   .          Rampage  .    (no cloak)
rCorr   .                        p - +0 pair of gloves
Will    .....                    (no boots)
Stlth   ++                       (no amulet)
HPRegen 0.26/turn                (no ring)
MPRegen 0.11/turn                (no ring)

@: mighty
A: no striking features
a: no special abilities


You were on level 4 of the Dungeon.
You visited 1 branch of the dungeon, and saw 4 of its levels.

You collected 146 gold pieces.


   Skills:
 * Level 2.3 Short Blades
 + Level 2.9 Throwing
 - Level 1.0 Armour
 - Level 1.0 Dodging
 + Level 2.0 Stealth
 + Level 2.0 Spellcasting
 * Level 2.6 Hexes
 - Level 1.0 Necromancy
 * Level 4.2 Ice Magic
 - Level 1.0 Invocations


You had 6 spell levels left.
You knew the following spells:

 Your Spells              Type           Power      Damage    Failure   Level
x - Ensorcelled Hibernat  Hex/Ice        22%        N/A       11%         2
z - Freeze                Ice            56%        1d7       4%          1

Your spell library contained the following spells:

 Spells                   Type           Power      Damage    Failure   Level
 Sublimation of Blood     Necr           4%         N/A       28%         2
 Cigotuvi's Dreadful Rot  Necr/Pois/Air  4%         N/A       36%         2
 Hailstorm                Conj/Ice       7%         3d4       36%         3
 Chain Lightning          Conj/Air       0%         2d1       100%        9
 Fire Storm               Conj/Fire      0%         6d1       100%        9
 Shatter                  Erth           0%         3d5*      100%        9

Inventory:

Hand Weapons
 a - a +0 vampiric dagger (weapon)
 k - a +1 hand axe of flaming
 x - a +0 rapier
Missiles
 b - 8 poisoned darts (quivered)
 h - 2 throwing nets {=f}
Armour
 p - a +0 pair of gloves (worn)
 t - an orb of mayhem
 w - a +0 leather armour (worn)
 A - a +0 helmet (worn)
Magical Staves
 e - a staff of poison
Jewellery
 H - an amulet of faith {!P}
 L - a ring of flight
Scrolls
 c - a scroll of fog
 j - 3 scrolls of fear {unknown}
 m - a scroll of teleportation {@r4}
 r - a scroll of poison {!r}
 s - a scroll of enchant weapon
 v - a scroll of immolation {!r}
 y - a scroll of amnesia {unknown}
 z - a scroll of noise {unknown}
Potions
 d - a potion of mutation {unknown}
 f - 3 potions of magic {unknown}
 g - a potion of haste {unknown}
 i - 3 potions of might
 l - 3 potions of curing {unknown}
 n - 2 potions of flight {unknown}
 o - a potion of cancellation {unknown}
 q - a potion of lignification {unknown}
 u - a potion of attraction {unknown}

Dungeon Overview and Level Annotations

Branches:
Dungeon (4/15)
 Temple: D:4-7

Altars:
Trog
Wu Jian
The Shining One

#.# #.# #. #.# #. #.#
#.#########.#######
###.................# #
#..............####.#
.##.#.#.#####.##.# #.#
.....(.?...h@.##.####.#######
#####.#.#.##.##.##.)........[..
#.........##.##.####...........
.#####†####.##.# #.##.######.
#.# #.##.# #[##.######. #.#
#.##.# #.##........ #.#
#.##.####.##.####### #.# #..
#..<..)..# #.# #.#######.#


You could see a black bear (berserk, very poisoned).


Message History

* * * LOW HITPOINT WARNING * * *
The black bear misses you.
You hit the black bear but do no damage.
The black bear is severely wounded.
The black bear goes berserk!
Unknown command.
Casting: Ensorcelled Hibernation (safe; 11% risk of failure)
Confirm with . or Enter, or press ? or * to list all spells.
Aiming: Freeze (safe; 4% risk of failure)
Press: ? - help, Shift-Dir - straight line, f/p - black bear
Aim: a black bear (severely wounded, berserk, very poisoned)
You freeze the black bear.
The black bear is almost dead.
The black bear bites you!
* * * LOW HITPOINT WARNING * * *
The black bear closely misses you.
The black bear claws you but does no damage.
Unknown command.
You feel very mighty all of a sudden. The black bear barely misses you. x2
The black bear claws you but does no damage.
The black bear closely misses you. x2; The black bear claws you.
* * * LOW HITPOINT WARNING * * *
You hit the black bear.
The black bear is almost dead.
The black bear bites you.
* * * LOW HITPOINT WARNING * * *
The black bear claws you but does no damage.
The black bear claws you.
You die...

Skill      XL: |  1  2  3  4  5  6 |
---------------+-------------------+-----
Hexes          | 1 2 |  2.6
Short Blades   | 1 2 |  2.3
Stealth        | 1 2 |  2.0
Ice Magic      | 4 |  4.2
Spellcasting   | 2 |  2.0
Throwing       | |  2.9
Armour         | |  1.0
Dodging        | |  1.0
Necromancy     | |  1.0
Invocations    | |  1.0

Action                     |  1- 3 |  4- 6 || total
---------------------------+-------+-------++-------
  Melee: Dagger            |   129 |   130 ||   259
         Punch             |     2 |     3 ||     5
  Throw: Dart              |     4 |    15 ||    19
   Cast: Freeze            |    26 |    69 ||    95
         Ensorcelled Hiber |       |     6 ||     6
    Use: Scroll            |       |     4 ||     4
         Potion            |       |     2 ||     2
   Stab: Sleeping          |     2 |     3 ||     5
 Armour: Robe              |    42 |    42 ||    84
         Leather armour    |       |    18 ||    18
  Dodge: Dodged            |    85 |   122 ||   207

Levels and vault maps discovered:
D:1:      lightli_arrival_isolated_outpost, layout_basic, st_stairs_9
D:2:      layout_loops_corners
D:3:      minmay_chambers_of_threes, layout_rooms, trog_three_pillars_becter,
          mainiacjoe_overflow_24_doors, kennysheep_path_1
D:4:      layout_loops_ring, mainiacjoe_overflow_cross_hatched, uniq_eustachio

Notes
Turn   | Place    | Note
-------+----------+-------------------------------------------
     0 | D:1      | Jeffwins the Human Wanderer began the quest for the Orb.
     0 | D:1      | Jeffwins set off with the following items: a +0 dagger, 9
                  | poisoned darts, a scroll of fog, a +0 robe; and the
                  | following spell memorised: Freeze; and the following spells
                  | available to memorise: Ensorcelled Hibernation, Sublimation
                  | of Blood, Cigotuvi's Dreadful Rot, Hailstorm.
     0 | D:1      | Reached XP level 1. HP: 13/13 MP: 2/2
   297 | D:1      | Reached XP level 2. HP: 19/19 MP: 1/3
   361 | D:1      | Learned a level 2 spell: Ensorcelled Hibernation
   675 | D:1      | Reached XP level 3. HP: 24/24 MP: 1/4
  1080 | D:1      | Reached skill level 1 in Hexes
  1362 | D:2      | Reached skill level 1 in Short Blades
  1989 | D:2      | Reached XP level 4. HP: 16/30 MP: 3/6
  2544 | D:3      | Reached skill level 1 in Stealth
  2845 | D:3      | Found a bloodstained altar of Trog.
  3003 | D:3      | Found an ornate altar of the Wu Jian Council.
  3159 | D:3      | Reached XP level 5. HP: 29/35 MP: 0/7
  3744 | D:4      | Found a glowing golden altar of the Shining One.
  3749 | D:4      | Noticed Eustachio
  3895 | D:4      | HP: 1/35 [Eustachio/+0 rapier (8)]
  3899 | D:4      | Killed Eustachio
  3900 | D:4      | Reached skill level 2 in Short Blades
  3900 | D:4      | Reached skill level 2 in Hexes
  3900 | D:4      | Reached skill level 4 in Ice Magic
  3900 | D:4      | Reached XP level 6. HP: 7/41 MP: 1/8
  4388 | D:4      | Noticed a black bear
  4392 | D:4      | Reached skill level 2 in Stealth
  4392 | D:4      | Reached skill level 2 in Spellcasting
  4418 | D:4      | HP: 1/41 [black bear (5)]
  4418 | D:4      | Slain by a black bear

Vanquished Creatures
  Eustachio (D:4)
  An iguana (D:4)
  3 adders
  3 ufetubi
  A worm (D:3)
  A dart slug (D:4)
  4 orcs (D:3)
  7 bats
  17 endoplasms
  2 giant cockroaches
  8 goblins
  7 hobgoblins
  7 jackals
  2 quokkas
  14 ball pythons
  2 frilled lizards (D:3)
  5 kobolds
  4 rats
89 creatures vanquished.

Table legend: (Time is in decaauts)
 A = Elapsed time spent in this place.
 B = Non-inter-level travel time spent in this place.
 C = Inter-level travel time spent in this place.
 D = Time resting spent in this place.
 E = Time spent auto-exploring this place.
 F = Levels seen in this place.
 G = Mean time per level.
                   A        B        C        D        E       F      G
               +--------+--------+--------+--------+--------+-----+--------+
         Total |   4410 |   4349 |     61 |    364 |   3166 |   4 | 1102.5 |
       Dungeon |   4410 |   4349 |     61 |    364 |   3166 |   4 | 1102.5 |
               +--------+--------+--------+--------+--------+-----+--------+

Top non-repeatable levels by time:
     D:1: 1354 daAuts
     D:3: 1239 daAuts
     D:2: 1161 daAuts
     D:4: 654 daAuts

Table legend:
 A = Non-vault XP
 B = Vault XP
 C = Vault XP percentage of total XP
 D = Non-vault monster count
 E = Vault monster count
 F = Vault count percentage of total count
                 A         B        C        D         E       F
            +---------+---------+-------+---------+---------+-------
      Total |     223 |     211 |  48.6 |      73 |      16 |  18.0
            +---------+---------+-------+---------+---------+-------
        D:1 |      33 |       5 |  13.2 |      18 |       3 |  14.3
        D:2 |      50 |       0 |   0.0 |      23 |       0 |   0.0
        D:3 |      56 |      18 |  24.3 |      19 |      12 |  38.7
        D:4 |      84 |     188 |  69.1 |      13 |       1 |   7.1
            +---------+---------+-------+---------+---------+-------
